 Dungeon Crawl Stone Soup version 0.18.1-50-g88ac8fd (webtiles) character file.

2083 Gargoyl the Ruffian (level 9, 0/87 HPs)
             Began as a Troll Monk on Oct 9, 2016.
             Was a Priest of Fedhas.
             Slain by a centaur (10 damage)
             ... on level 7 of the Dungeon.
             The game lasted 00:16:13 (6584 turns).

Gargoyl the Ruffian (Troll Monk)                    Turns: 6584, Time: 00:16:14

Health: 0/87       AC:  9    Str: 24    XL:     9   Next: 6%
Magic:  16/18      EV: 13    Int:  6    God:    Fedhas [***...]
Gold:   321        SH:  0    Dex: 12    Spells: 0 memorised, 8 levels left

rFire  . . .     SeeInvis .       - Unarmed
rCold  . . .     Gourm    +     a - +1 robe
rNeg   . . .     Faith    .     (no shield)
rPois  .         Spirit   .     (helmet restricted)
rElec  .         Dismiss  .     u - +2 cloak
rCorr  .         Reflect  .     (gloves unavailable)
SustAt .         Harm     .     (boots unavailable)
MR     .....                    (no amulet)
Stlth  ++........               (no ring)
                                m - ring of magical power

@: not resistant to hostile enchantments, unstealthy
A: unfitting armour, claws 3, fast metabolism 3, gourmand, regeneration 2,
shaggy fur 1, tough skin 2
a: Evolution, Sunlight, Growth, Renounce Religion


You were on level 7 of the Dungeon.
You worshipped Fedhas.
Fedhas was most pleased with you.
You were not hungry.

You visited 1 branch of the dungeon, and saw 7 of its levels.

You collected 351 gold pieces.
You spent 30 gold pieces at shops.

Inventory:

Missiles
 g - 8 javelins of penetration (quivered)
Armour
 a - a +1 robe (worn)
 u - a +2 cloak (worn)
Jewellery
 m - a ring of magical power (left claw)
Wands
 e - a wand of flame (33/48)
 i - a wand of enslavement (8/24)
 v - a wand of paralysis (21/24)
 w - a wand of lightning (4/15)
Scrolls
 d - a scroll of enchant weapon
 f - 2 scrolls of immolation
 h - 3 scrolls of teleportation
 n - a scroll of fog
 q - 3 scrolls of remove curse
 r - a scroll of fear {unknown}
 s - 3 scrolls of identify
 x - a scroll of recharging
Potions
 b - a potion of lignification
 c - 2 potions of agility {unknown}
 j - 3 potions of resistance {unknown}
 l - 3 potions of brilliance
 o - 2 potions of curing
 p - a potion of degeneration {unknown}
 z - 2 potions of flight {unknown}
Books
 t - a book of Cantrips

   Spells                             Type                      Level
   a - Corona                         Hexes                        1
   b - Animate Skeleton               Necromancy                   1
   c - Summon Small Mammal            Summoning                    1
   d - Apportation                    Translocation                1
Comestibles
 k - 3 meat rations


   Skills:
 + Level 4.9 Fighting
 + Level 7.1 Dodging
 + Level 2.2 Stealth
 + Level 7.5 Unarmed Combat
 + Level 1.5 Invocations


You had 8 spell levels left.
You didn't know any spells.

Dungeon Overview and Level Annotations

Branches:
Dungeon (7/15)             Temple (0/1) D:6

Altars:
Cheibriados
Fedhas
Qazlal
Trog
The Shining One

Shops:
D:4 *


Innate Abilities, Weirdness & Mutations

You are too large for most types of armour.
You have claws for hands.
Your metabolism is lightning-fast.
You like to eat raw meat.
You heal very quickly.
You are covered in fur (AC +1).
You have very tough skin (AC +2).


Message History

Aim: a toadstool (peaceful, can evolve into a wandering mushroom)
The floor, spattered with blood.
The toadstool can now pick up its mycelia and move.
Your piety has decreased.
The centaur hits you but does no damage.
The centaur barely misses you. The gnoll hits you with a halberd.
* * * LOW HITPOINT WARNING * * *
The gnoll shaman hits you with a whip!
* * * LOW HITPOINT WARNING * * *
The centaur hits you.
* * * LOW HITPOINT WARNING * * *
The centaur hits you but does no damage.
Your wandering mushroom releases spores at the gnoll shaman!
The gnoll shaman is engulfed in a cloud of spores!
Drink which item? (? for menu, Esc to quit)
You feel better.
The centaur hits you but does no damage.
The gnoll closely misses you. The centaur hits you!
You die...
Fedhas appreciates your contribution to the ecosystem.

.......♣PP♣#.....#
......PPPPP#.....#
........♣######''#
.........'....'P.#
.........).>..#PP#
.........)....#PP#
......)..######PP#
...))(PP♣# ..#cf#
#(..(.♣P♣ ..#g@#
#(...PP♣♣# ...#gc#
'(....♣P♣#.O..#PP#
#....PPPP#....#P.#
#....f..f#K...'..#
.........#....'..#
......PP♣#.%..#..#
.......♣♣#....#..#
......PP♣#....#..#


You could see 2 centaurs, a gnoll shaman, a gnoll and a friendly wandering
mushroom.

Vanquished Creatures
  A steam dragon (D:5)
  An orc warrior (D:7)
  A phantom (D:5)
  A necrophage (D:7)
  An ogre (D:7)
  2 big kobolds (D:7)
  A scorpion (D:6)
  5 killer bees (D:3)
  2 howler monkeys (D:4)
  A giant frog zombie (D:5)
  A crimson imp (D:7)
  2 hounds
  A jelly (D:4)
  A centaur skeleton (D:5)
  5 orc priests
  5 orc wizards
  An iguana (D:6)
  2 worker ants
  12 gnolls
  7 adders
  A shadow imp (D:4)
  An ooze (D:4)
  4 worms
  2 dart slugs
  6 giant geckos
  28 orcs
  6 bats
  6 giant cockroaches
  6 goblins
  8 hobgoblins
  13 jackals
  19 kobolds
  3 quokkas
  A giant gecko skeleton (D:4)
  8 rats
165 creatures vanquished.

Vanquished Creatures (collateral kills)
  A hungry ghost (D:7)
  A centaur (D:7)
  3 hounds (D:7)
  A gnoll shaman (D:7)
  An orc priest (D:6)
  An orc wizard (D:6)
  5 gnolls (D:7)
  4 hobgoblins (D:7)
  3 kobolds (D:7)
20 creatures vanquished.

Vanquished Creatures (others)
  A wizard (D:4)
  A worker ant (D:5)
  2 wandering mushrooms (D:7)
  92 toadstools
96 creatures vanquished.

Grand Total: 281 creatures vanquished

Notes
Turn   | Place    | Note
--------------------------------------------------------------
     0 | D:1      | Gargoyl the Troll Monk began the quest for the Orb.
     0 | D:1      | Reached XP level 1. HP: 22/22 MP: 0/0
   151 | D:1      | Reached XP level 2. HP: 29/29 MP: 1/1
   600 | D:1      | Reached XP level 3. HP: 36/36 MP: 2/2
   900 | D:2      | Found a blossoming altar of Fedhas.
  1028 | D:2      | You fall through a shaft for 2 floors!
  1090 | D:3      | Reached XP level 4. HP: 34/44 MP: 3/3
  1210 | D:3      | Reached skill level 5 in Unarmed Combat
  1255 | D:3      | Reached XP level 5. HP: 53/53 MP: 4/4
  1274 | D:3      | Reached XP level 6. HP: 34/61 MP: 5/5
  1668 | D:2      | Became a worshipper of Fedhas Madash
  1668 | D:2      | Reached * piety under Fedhas
  1668 | D:2      | Reached ** piety under Fedhas
  2865 | D:4      | Reached XP level 7. HP: 67/67 MP: 6/6
  2933 | D:4      | Reached skill level 5 in Dodging
  2999 | D:4      | Reached *** piety under Fedhas
  3009 | D:4      | Found a bloodstained altar of Trog.
  3081 | D:4      | Noticed a wizard
  3083 | D:4      | Killed a wizard
  3362 | D:4      | Found Gocs's General Store.
  3365 | D:4      | Bought a potion of lignification for 30 gold pieces
  3884 | D:5      | Entered Level 5 of the Dungeon
  3964 | D:5      | Found a stormy altar of Qazlal.
  4020 | D:5      | Found a snail-covered altar of Cheibriados.
  4021 | D:5      | Noticed a steam dragon
  4040 | D:5      | Killed a steam dragon
  4040 | D:5      | Reached XP level 8. HP: 17/78 MP: 7/7
  4731 | D:6      | Found a glowing golden altar of the Shining One.
  5068 | D:6      | Found a staircase to the Ecumenical Temple.
  6014 | D:7      | Reached skill level 1 in Invocations
  6572 | D:7      | Reached XP level 9. HP: 73/87 MP: 9/9
  6583 | D:7      | HP: 1/87 [centaur (4)]
  6584 | D:7      | Slain by a centaur

Skill      XL: |  1  2  3  4  5  6  7  8  9 |
---------------+----------------------------+-----
Dodging        | 3 4 5 6 7 |  7.1
Fighting       | 3 4 |  4.9
Unarmed Combat | 5 6 7 |  7.5
Stealth        | 2 |  2.2
Invocations    | 1 |  1.5

Action                   |  1- 3 |  4- 6 |  7- 9 || total
-------------------------+-------+-------+-------++-------
Melee: Unarmed           |   104 |   141 |   232 ||   477
       Punch             |     3 |     3 |     8 ||    14
Invok: Evolution         |       |       |     7 ||     7
       Growth            |       |       |     1 ||     1
  Use: Potion            |       |     6 |     7 ||    13
       Scroll            |       |       |    10 ||    10
  Eat: Chunk             |    11 |     3 |    18 ||    32
       Bread ration      |       |     2 |     1 ||     3
       Pizza             |       |       |     2 ||     2
       Beef jerky        |       |       |     2 ||     2
       Meat ration       |       |       |     1 ||     1
       Royal jelly       |       |       |     1 ||     1
Armor: Robe              |    31 |    25 |    98 ||   154
       Skin              |       |    36 |     6 ||    42
Dodge: Dodged            |    65 |    73 |   203 ||   341
